Map: Rifts to Korhal

Players

larsgj

  • Race: Terran Terran

wasp

  • Race: Protoss Protoss

VOD

Have the link to the VOD?

Description

Time

  • Played on: Nov. 2, 2018, 11:25 a.m.
  • Length: 28:56
Show
View Real Time Build Order
Export as new Build Order

larsgj Terran 

Build Orders:  

Get SALT Encoding   

    0:00  Orbital Command, SCV x12  
    0:09  Unknown  
  12  0:13  SCV  
  13  0:29  Supply Depot  
  13  0:35  SCV  
  14  1:01  Barracks  
  14  1:02  SCV  
  15  1:19  SCV  
  16  1:23  Supply Depot  
  16  1:33  Marine  
  16  1:36  SCV  
  18  1:43  Marine  
  19  1:53  SCV  
  20  2:09  Marine  
  20  2:15  SCV  
  20  2:19  Marine  
  22  2:29  Marine  
  23  2:32  SCV  
  23  2:39  Marine  
  25  2:46  Refinery  
  25  2:49  SCV, Marine  
  28  3:00  Marine, Supply Depot  
  28  3:06  SCV  
  30  3:10  Marine  
  31  3:20  Marine  
  31  3:23  SCV  
  31  3:24  Refinery  
  33  3:30  Marine  
  34  3:40  SCV  
  34  3:49  Supply Depot  
  35  3:50  Supply Depot  
  35  3:58  Barracks  
  35  4:00  Marine  
  36  4:20  Marine  
  37  4:30  Marine  
  37  4:34  Barracks, SCV  
  40  4:51  SCV  
  40  4:52  Barracks Tech Lab x2  
  41  5:06  Marine  
  41  5:08  SCV  
  42  5:25  SCV  
  42  5:26  Marine x2  
  46  5:31  Barracks Tech Lab  
  46  5:36  Marine x2  
  48  5:42  SCV  
  48  5:46  Marine  
  50  5:50  Marine  
  50  5:59  SCV  
  51  6:00  Marine  
  52  6:11  Unknown, Marine  
  52  6:16  Command Center  
  53  6:21  SCV  
  54  6:30  Supply Depot  
  54  6:38  SCV  
  55  6:40  Supply Depot  
  55  6:55  SCV  
  55  6:56  Engineering Bay  
  56  7:08  Stabilizer Medpacks  
  56  7:12  SCV  
  57  7:29  SCV  
  58  7:46  Refinery  
  58  7:52  Refinery  
  58  8:01  SCV  
  59  8:14  Terran Infantry Weapons Level 1  
  59  8:18  SCV  
  60  8:35  SCV  
  61  8:52  SCV  
  61  8:53  Factory  
  62  9:08  Orbital Command, SCV  
  63  9:24  Bunker  
  63  9:51  Marine  
  63  9:52  Marine, Medic  
  63  9:55  Supply Depot  
  63  9:57  Supply Depot x2  
  67  10:01  Bunker, Medic  
  67  10:02  Marine  
  67  10:07  SCV  
  71  10:17  Orbital Command  
  71  10:24  SCV  
  72  10:34  Bunker  
  72  10:41  SCV  
  73  10:54  Terran Infantry Armor Level 1  
  73  11:07  Missile Turret  
  71  11:35  Missile Turret  
  71  12:02  Armory  
  71  12:04  Missile Turret  
  70  12:12  Starport  
  70  12:17  Starport  
  67  12:23  Starport  
  67  12:44  Neosteel Frame  
  67  12:51  Marine  
  68  13:16  Marine x2  
  68  13:17  Marine  
  70  13:26  Marine  
  70  13:27  Marine x2  
  71  13:37  Marine x3  
  73  13:47  Marine x3  
  75  13:57  Marine x3  
  78  14:02  Command Center  
  81  14:11  Refinery  
  81  14:32  Starport Tech Lab x3  
  81  14:34  Structure Armor  
  81  14:39  Refinery  
  81  14:42  Starport, Advanced Optics  
  70  14:52  Supply Depot  
  70  14:53  Supply Depot  
  70  14:55  Supply Depot  
  70  14:57  Supply Depot  
  70  14:59  Supply Depot  
  70  15:00  Supply Depot  
  70  15:01  Supply Depot  
  70  15:03  Supply Depot  
  70  15:05  Supply Depot  
  70  15:07  Supply Depot  
  70  15:11  Marine x3  
  73  15:21  Marine x2, Medic  
  77  15:31  Medic x2  
  77  15:32  Marine  
  82  15:41  Marine  
  82  15:42  Medic x2  
  87  15:52  Marine, Medic x2  
  87  15:56  Starport Tech Lab  
  92  16:02  Marauder  
  92  16:03  Marauder  
  92  16:08  Fusion Core  
  96  16:11  SCV  
  97  16:28  SCV  
  98  16:40  SCV  
  98  16:42  Afterburners  
  98  16:45  SCV  
  100  16:57  SCV  
  101  17:02  SCV  
  102  17:14  SCV  
  102  17:19  SCV  
  104  17:31  SCV  
  104  17:36  SCV  
  106  17:42  Terran Vehicle And Ship Armor Level 1  
  106  17:48  SCV  
  107  17:53  SCV  
  108  18:10  SCV  
  109  19:30  Battlecruiser  
  109  19:31  Battlecruiser x3  
  133  19:44  Weapon Refit  
  133  19:47  Terran Infantry Weapons Level 2  
  133  20:13  Battlecruiser x3  
  133  20:14  Battlecruiser  
  157  20:22  Terran Vehicle and Ship Weapons Level 1  
  157  20:43  Bunker  
  157  21:17  Bunker  
  151  21:50  Bunker  
  151  21:53  Battlecruiser x4  
  169  22:09  Marine x2  
  169  22:10  Marine  
  169  22:19  Marine x2  
  172  22:20  Marine  
  171  22:30  Marine x3  
  171  22:35  Battlecruiser  
  171  22:36  Battlecruiser  
  184  22:40  Marine x2  
  186  22:54  Medic x3  
  186  22:56  Terran Infantry Armor Level 2  
  192  23:04  Medic x3  
  197  23:14  Medic  
Show
View Real Time Build Order
Export as new Build Order

wasp Protoss 

Build Orders:  

Get SALT Encoding   

    0:00  Probe x12 (Chrono Boost)  
    0:09  Unknown x2  
  12  0:27  Pylon  
  12  0:55  Pylon  
  12  1:00  Gateway  
  12  1:21  Forge  
  12  2:12  Cybernetics Core  
  12  2:31  Pylon  
  12  2:52  Pylon  
  12  2:58  Zealot x2  
  16  3:06  Zealot  
  18  3:23  Photon Cannon  
  18  3:26  Photon Cannon  
  18  4:05  Photon Cannon  
  18  4:25  Photon Cannon  
  18  4:29  Photon Cannon  
  18  4:44  Assimilator  
  18  4:53  Assimilator  
  18  4:58  Zealot  
  20  6:19  Probe (Chrono Boost)  
  21  6:33  Probe (Chrono Boost)  
  22  6:46  Probe (Chrono Boost)  
  22  6:49  Stargate  
  23  7:00  Probe (Chrono Boost)  
  23  7:05  Zealot x3  
  30  7:14  Probe (Chrono Boost)  
  31  8:23  Phoenix x2  
  35  8:34  Fleet Beacon  
  33  9:39  Tempest  
  37  9:50  Zealot x2  
  37  9:51  Zealot  
  43  10:03  Phoenix  
  41  12:15  Tempest  
  41  12:19  Phoenix  
  17  14:01  Tempest x2  
  17  14:02  Tempest  
  17  14:07  Zealot x2  
  17  14:08  Zealot  
  35  14:27  Disintegration  
  35  14:48  Dragoon  
  37  16:35  Tempest x2  
  45  16:42  Dragoon  
  43  20:15  Pylon  
  43  20:32  Pylon  
  43  20:44  Pylon  
  43  20:48  Pylon  
  43  21:03  Pylon  
  43  21:07  Pylon  
  43  21:13  Pylon  
  43  21:30  Double Graviton Beam  
  43  21:31  Stargate  
  136  22:30  Anion Pulse-Crystals  
  43  22:42  Pylon  
  43  22:49  Pylon  
  43  22:56  Pylon  
  43  23:04  Stargate  
  43  23:12  Twilight Council  
  43  23:20  Forge  
  43  24:16  Stargate  
  43  24:22  Tempest  
  47  24:57  Tempest  
  51  25:05  Phoenix  
  53  25:30  Probe (Chrono Boost)  
  53  25:33  Pylon  
  54  25:44  Probe (Chrono Boost)  
  55  25:58  Probe (Chrono Boost)  
  56  26:00  Photon Cannon  
  56  26:06  Photon Cannon  
  56  26:10  Photon Cannon  
  56  26:11  Probe (Chrono Boost)  
  56  26:14  Photon Cannon  
  57  26:22  Photon Cannon  
  57  26:25  Probe (Chrono Boost)  
  58  26:35  Photon Cannon  
  58  26:42  Probe (Chrono Boost)  
  59  26:56  Probe (Chrono Boost)  
  59  26:59  Phoenix  
  62  27:10  Probe (Chrono Boost)  
  63  27:24  Probe (Chrono Boost)  
Tags
 
Commander
ArtanisRaynor
Matchup
Co-op
Replay Pack
Multiplayer
Add a new tag
Caveats
  • Supply blocks, unpowered buildings, or Contaminate may cause inaccurate times.
  • Supply counts are checked every 10 seconds.